 Dungeon Crawl Stone Soup version 0.25.1-2-g60ff931df9 (webtiles) character file.

Game seed: 8868081382395339537

1327 Johnny the Frost Mage (level 8, -5/57 HPs)
             Began as a Demigod Ice Elementalist on Aug 31, 2020.
             Slain by an ogre
             ... wielding a +0 giant club
              (18 damage)
             ... on level 5 of the Dungeon.
             The game lasted 00:06:10 (6276 turns).

Johnny the Frost Mage (Demigod Ice Elementalist)    Turns: 6276, Time: 00:06:10

Health: -5/57      AC:  5    Str: 13    XL:     8   Next: 12%
Magic:  16/19      EV: 12    Int: 23    God:
Gold:   282        SH:  0    Dex: 16    Spells: 13/17 levels left

rFire    + . .     SeeInvis .   z - +5 spear of Leackes {vorpal, rF+ Str+2}
rCold    . . .     Gourm    .   (no shield)
rNeg     . . .     Faith    .   h - +0 robe
rPois    .         Spirit   .   k - +0 helmet
rElec    .         Reflect  .   l - +0 cloak
rCorr    .         Harm     .   m - +0 pair of gloves
MR       +....                  (no boots)
Stlth    ++........             (no amulet)
HPRegen  0.19/turn              i - ring of protection from magic
MPRegen  0.16/turn              (no ring)

@: frozen ramparts
A: high mp 1
a: no special abilities


You were on level 5 of the Dungeon.
You were not hungry.

You visited 1 branch of the dungeon, and saw 5 of its levels.
You also visited: Sewer.

You collected 282 gold pieces.

Inventory:

Hand Weapons
 f - a -1 hunting sling
 v - a +1 spear of flaming
 y - a +2 whip of electrocution
 z - the +5 spear of Leackes (weapon) {vorpal, rF+ Str+2}
   (You found it on level 5 of the Dungeon)

   It inflicts extra damage upon your enemies.
   It affects your strength (+2).
   It protects you from fire.
Missiles
 g - 98 stones (quivered)
Armour
 h - a +0 robe (worn)
 k - a +0 helmet (worn)
 l - a +0 cloak (worn)
 m - a +0 pair of gloves (worn)
Jewellery
 i - a ring of protection from magic (left hand)
Wands
 a - a wand of flame (46)
 u - a wand of iceblast (13)
Scrolls
 b - 3 scrolls of teleportation
 q - a scroll of enchant armour
 r - a scroll of identify
 t - 2 scrolls of immolation
 w - a scroll of amnesia {unknown}
Potions
 d - 3 potions of curing {unknown}
 e - a potion of degeneration {unknown}
 j - 7 potions of heal wounds {unknown}
 n - 2 potions of magic {unknown}
 o - a potion of resistance {unknown}
 p - 2 potions of flight {unknown}
 x - a potion of mutation {unknown}
Comestibles
 c - 3 rations
 s - 10 chunks of flesh


   Skills:
 - Level 1.7 Dodging
 - Level 1.7 Stealth
 + Level 5.1 Spellcasting
 * Level 8.5 Ice Magic


You had 13 spell levels left.
You knew the following spells:

 Your Spells              Type           Power        Failure   Level  Hunger
a - Freeze                Ice            ####         1%          1    None
b - Frozen Ramparts       Ice            #####.       1%          3    ##.....

Your spell library contained the following spells:

 Spells                   Type           Power        Failure   Level  Hunger
 Ozocubu's Armour         Chrm/Ice       ####....     4%          3    ##.....
 Animate Skeleton         Necr           N/A          10%         1    None
 Apportation              Tloc           #.....       10%         1    None
 Corona                   Hex            #......      10%         1    None
 Shock                    Conj/Air       #...         10%         1    None
 Summon Small Mammal      Summ           #...         10%         1    None
 Swiftness                Chrm/Air       #.......     14%         2    None
 Hailstorm                Conj/Ice       ####....     16%         4    ####...
 Summon Ice Beast         Ice/Summ       ####....     16%         4    ####...
 Static Discharge         Conj/Air       #.......     28%         3    ##.....
 Airstrike                Air            #.........   67%         4    ####...
 Lightning Bolt           Conj/Air       #.........   95%         5    #####..


Dungeon Overview and Level Annotations

Branches:
Dungeon (5/15)              Sewer (visited)
 Temple: D:4-7

Annotations:
D:4 Edmund


Innate Abilities, Weirdness & Mutations

You have an increased reservoir of magic. (+10% MP)


Message History

The wall freezes the howler monkey.
The howler monkey hits you.
The wall freezes the ogre.
The ogre hits you with a +0 giant club!
Unknown command.
You miss the jackal.
The jackal is almost dead.
The wall freezes the jackal.
You kill the jackal!
The wall freezes the howler monkey.
The howler monkey hoots and howls with incredible vigour!
The wall freezes the ogre.
The ogre hits you with a +0 giant club!!
* * * LOW HITPOINT WARNING * * *
The wall freezes the howler monkey!
The howler monkey hits you but does no damage.
The wall freezes the howler monkey!
You kill the howler monkey!
Unknown command.
The wall freezes the ogre.
The ogre hits you with a +0 giant club!!
You die...

.....####)# #..#.###
#.......# #.†.....
#.......######.##....
#.........÷)..).+....
#......#.÷.....##....
#......#......†######
#......#.......#
###....#.......#
#.@..#.......#
#O††.#.......#
##.###.......# #.#
#.......# ...
...####.# ## ... ....
.# #. ... #. ..... #.
+.


You could see an ogre.

Vanquished Creatures
  Pikel (D:4)
  Eustachio (D:5)
  A slave (D:4)
  An ogre (D:5)
  A centaur (D:4)
  A big kobold (Sewer)
  Blork the orc (D:5)
  A scorpion (D:5)
  A howler monkey (D:5)
  An orc wizard (D:5)
  Jessica (D:3)
  A worker ant (D:4)
  Robin (D:2)
  6 adders
  7 gnolls
  2 river rats (D:3)
  3 oozes
  An adder skeleton (D:5)
  A worm (D:2)
  A dart slug (D:2)
  4 leopard geckos
  6 orcs (D:5)
  6 giant cockroaches
  11 goblins
  8 hobgoblins
  10 jackals
  11 kobolds
  A quokka (D:3)
  A ball python (D:1)
  6 bats
  3 frilled lizards
  A leopard gecko skeleton (D:4)
  14 rats
116 creatures vanquished.

Vanquished Creatures (others)
  3 slaves (D:4)
3 creatures vanquished.

Grand Total: 119 creatures vanquished

Notes
Turn   | Place    | Note
-------+----------+-------------------------------------------
     0 | D:1      | Johnny the Demigod Ice Elementalist began the quest for the
                  | Orb.
     0 | D:1      | Reached XP level 1. HP: 14/14 MP: 5/5
   724 | D:1      | Reached XP level 2. HP: 20/20 MP: 7/7
   731 | D:1      | Reached skill level 4 in Ice Magic
   869 | D:1      | You fall into a shaft and drop 1 floor!
  1228 | D:2      | Reached XP level 3. HP: 14/26 MP: 5/9
  1986 | D:2      | Noticed Robin
  1999 | D:2      | Killed Robin
  2607 | D:3      | Found a blossoming altar of Fedhas.
  2657 | D:3      | Reached XP level 4. HP: 26/33 MP: 7/10
  2663 | D:3      | Reached skill level 5 in Ice Magic
  2669 | D:3      | Learned a level 3 spell: Frozen Ramparts
  3239 | D:3      | Found a glowing drain.
  3261 | Sewer    | Entered a sewer
  3370 | Sewer    | Noticed a big kobold
  3388 | Sewer    | Killed a big kobold
  3388 | Sewer    | Reached XP level 5. HP: 17/38 MP: 7/12
  3646 | Sewer    | Found a white marble altar of Elyvilon.
  3988 | D:3      | Noticed Jessica
  3991 | D:3      | Killed Jessica
  4326 | D:3      | Found a faded altar of an unknown god.
  4647 | D:4      | Noticed a slave
  4647 | D:4      | Noticed a slave
  4647 | D:4      | Noticed Edmund
  4648 | D:4      | Noticed Pikel
  4649 | D:4      | Noticed a slave
  4649 | D:4      | Noticed a slave
  4652 | D:4      | Killed a slave
  4660 | D:4      | Killed Pikel
  4660 | D:4      | Reached skill level 7 in Ice Magic
  4660 | D:4      | Reached XP level 6. HP: 4/45 MP: 2/15
  4660 | D:4      | Reached XP level 7. HP: 5/50 MP: 2/16
  5792 | D:5      | Entered Level 5 of the Dungeon
  6001 | D:5      | Got a faintly glowing spear
  6002 | D:5      | Identified the +5 spear of Leackes {vorpal, rF+ Str+2} (You
                  | found it on level 5 of the Dungeon)
  6097 | D:5      | Reached skill level 8 in Ice Magic
  6103 | D:5      | Noticed Blork the orc
  6112 | D:5      | Killed Blork the orc
  6198 | D:5      | Noticed Eustachio
  6220 | D:5      | Killed Eustachio
  6220 | D:5      | Reached skill level 5 in Spellcasting
  6220 | D:5      | Reached XP level 8. HP: 48/57 MP: 11/19
  6276 | D:5      | Slain by an ogre

Illustrated notes

Levels and vault maps discovered:
D:1:      dpeg_arrival_tiny_e, layout_rooms
D:2:      layout_basic, kennysheep_generic_room_3, uniq_robin
D:3:      layout_basic, chequers_ecumenical_altar_simple_redux,
          portal_sewer_entry_b, fedhas_altar_1, uniq_jessica
D:4:      layout_loops_ring, uniq_pikel, uniq_edmund
D:5:      layout_basic, first_ration, grunt_dithmenos_shadows, uniq_ijyb,
          uniq_eustachio, uniq_blork_the_orc

Skill      XL: |  1  2  3  4  5  6  7 |
---------------+----------------------+-----
Spellcasting   | 2 3 4 5 |  5.1
Ice Magic      | 4 5 7 8 |  8.5
Dodging        | |  1.7
Stealth        | |  1.7

Action                   |  1- 3 |  4- 6 |  7- 9 || total
-------------------------+-------+-------+-------++-------
Melee: Unarmed           |    10 |       |       ||    10
       Spear             |       |       |    33 ||    33
       Whip              |       |       |     4 ||     4
 Fire: Hunting sling     |    91 |    94 |       ||   185
 Cast: Freeze            |    30 |    30 |    15 ||    75
       Frozen Ramparts   |       |     7 |     9 ||    16
  Use: Scroll            |       |       |     7 ||     7
  Eat: Chunk             |     5 |     7 |     2 ||    14
       Ration            |       |       |     1 ||     1
Armor: Robe              |    13 |     8 |     9 ||    30
Dodge: Dodged            |    49 |    38 |    37 ||   124
